 Dungeon Crawl Stone Soup version 0.17.0-1-g61d176b (webtiles) character file.

1676404 xeno23 the Phalangite (level 27, 203/203 HPs)
             Began as a Merfolk Ice Elementalist on Nov 7, 2015.
             Was the Champion of Vehumet.
             Escaped with the Orb
             ... and 3 runes on Nov 8, 2015!
             The game lasted 12:27:33 (76174 turns).

xeno23 the Phalangite (Merfolk Ice Elementalist)   Turns: 76174, Time: 12:27:34

Health: 203/203    AC: 15    Str: 15    XL:     27
Magic:  50/50      EV: 34    Int: 25    God:    Vehumet [******]
Gold:   2934       SH:  0    Dex: 17    Spells: 12 memorised, 13 levels left

rFire  + . .     SeeInvis .     Z - +7 bardiche "Orb Guardian's Regret" {chop, MR+}
rCold  + . .     Clarity  .     N - +2 robe {rC+ rF+}
rNeg   . . .     SustAt   .     (shield currently unavailable)
rPois  +         Gourm    .     y - +1 helmet of Reodisael {rElec}
rElec  +         Spirit   .     X - +2 cloak {rPois}
rCorr  +         Warding  .     F - +2 pair of gloves
rMut   .         Stasis   .     U - +2 pair of boots
MR     +++..                    m - amulet "Widoc" {rCorr MP+9 Str+5}
Stlth  +.........               l - ring of wizardry
                                L - ring of Shaolin {EV+8}

@: repel missiles, extremely resistant to hostile enchantments, very unstealthy
A: change form in water, swift swim, molten scales 1, blurry vision 1, deformed
body, frail 1, low mp 1, screaming 1, slow regeneration 1, strong 1, wild magic
1
a: Renounce Religion
0: Orb of Zot
}: 3/15 runes: decaying, silver, gossamer


You escaped.
You worshipped Vehumet.
Vehumet was exalted by your worship.
You were completely stuffed.

You visited 11 branches of the dungeon, and saw 57 of its levels.
You also visited: Sewer, Ice Cave and Volcano.

You collected 9325 gold pieces.
You spent 6391 gold pieces at shops.

Inventory:

Hand Weapons
 Z - the +7 bardiche "Orb Guardian's Regret" (weapon) {chop, MR+}
   (You found it on level 8 of the Lair of Beasts)

   It inflicts extra damage upon your enemies.
   It affects your resistance to hostile enchantments.
Armour
 y - the +1 helmet of Reodisael (worn) {rElec}
   (You bought it in a shop on level 4 of the Orcish Mines)

   It insulates you from electricity.
 F - a +2 pair of gloves (worn)
 N - a +2 robe of resistance (worn)
 U - a +2 pair of boots (worn)
 X - a +2 cloak of poison resistance (worn)
Jewellery
 l - a ring of wizardry (right hand)
 m - the amulet "Widoc" (around neck) {rCorr MP+9 Str+5}
   (You found it on level 3 of the Elven Halls)

   [amulet of resist corrosion]

   It protects you from acid and corrosion.
   It affects your strength (+5).
   It affects your magic capacity (+9).
 K - an uncursed amulet of clarity
 L - the ring of Shaolin (left hand) {EV+8}
   (You took it off a yaktaur on level 5 of the Vaults)

   [ring of evasion]

   It affects your evasion (+8).
 R - an uncursed ring of see invisible
Wands
 b - a wand of fire (4)
 x - a wand of teleportation (6)
 B - a wand of heal wounds (6)
 C - a wand of teleportation (1)
 P - a wand of invisibility (3)
 W - a wand of digging (11)
Scrolls
 d - 8 scrolls of fear
 e - 7 scrolls of enchant armour
 k - 6 scrolls of blinking
 o - a scroll of silence
 q - 7 scrolls of recharging
 r - 7 scrolls of magic mapping
 s - a scroll of brand weapon
 t - 16 scrolls of remove curse
 u - 12 scrolls of fog
 H - 3 scrolls of summoning
 M - 22 scrolls of teleportation
 V - 20 scrolls of identify
Potions
 c - a potion of invisibility
 g - 4 potions of magic
 h - 6 potions of resistance
 i - 13 potions of might
 j - 3 potions of cancellation
 p - 27 potions of curing
 w - 13 potions of brilliance
 z - 18 potions of agility
 D - 7 potions of heal wounds
 I - 11 potions of haste
Comestibles
 n - 10 meat rations
 O - 34 fruits


   Skills:
 - Level 20.7 Fighting
 + Level 26.9 Polearms
 - Level 18.0 Dodging
 - Level 2.1 Stealth
 - Level 19.0 Spellcasting
 - Level 19.6 Conjurations
 - Level 7.1 Charms
 - Level 7.4 Summonings
 - Level 3.1 Necromancy
 - Level 4.0 Translocations
 - Level 25.6 Ice Magic


You had 13 spell levels left.
You knew the following spells:

 Your Spells              Type           Power        Failure   Level  Hunger
a - Glaciate              Conj/Ice       ########..   4%          9    #######
b - Blink                 Tloc           N/A          1%          2    None
c - Summon Ice Beast      Ice/Summ       ########     1%          4    None
d - Ozocubu's Armour      Chrm/Ice       ########     1%          3    None
e - Regeneration          Chrm/Necr      ######....   1%          3    None
f - Condensation Shield   Ice            ########..   1%          4    None
g - Freeze                Ice            ####         1%          1    None
q - Bolt of Cold          Conj/Ice       ########..   1%          6    ###....
r - Repel Missiles        Chrm/Air       ######       1%          2    None
s - Ozocubu's Refrigerat  Ice            ########..   1%          6    ###....
w - Throw Icicle          Conj/Ice       ########     1%          4    None
x - Orb of Destruction    Conj           ########..   1%          7    #####..


Dungeon Overview and Level Annotations

Branches:
Dungeon (15/15)            Temple (1/1) D:4            Lair (8/8) D:10
  Swamp (4/4) Lair:5       Spider (4/4) Lair:6        Slime (0/6) Lair:6
    Orc (4/4) D:9             Elf (3/3) Orc:3        Vaults (5/5) D:13
  Crypt (3/3) Vaults:3       Tomb (0/3) Crypt:3      Depths (5/5) D:15
    Zot (5/5) Depths:5

Altars:
Ashenzari
Cheibriados
Dithmenos
Elyvilon
Fedhas
Gozag
Kikubaaqudgha
Makhleb
Nemelex Xobeh
Okawaru
Qazlal
Ru
Sif Muna
Trog
Vehumet
Xom
Yredelemnul
Zin
The Shining One
Beogh

Shops:
D:4 :   D:6 ?   D:8 :   D:11 :*   D:14 *   Orc:1 !   Orc:3 *   Orc:4 [([?
Elf:2 :!   Vaults:2 }   Vaults:3 %:(   Vaults:5 %!?!!%%%   Depths:1 [
Depths:2 [

Portals:
Hell: Depths:1 Depths:2 Depths:3 Depths:4 Depths:5
Abyss: Depths:2 Depths:4
Pandemonium: Depths:3 Depths:4 Depths:5
Ziggurat: Depths:1


Innate Abilities, Weirdness & Mutations

You revert to your normal form in water.
You are very nimble and swift while swimming.
You are partially covered in molten scales (AC +1).
Scrolls take you a little longer to read.
Armour fits poorly on your strangely shaped body.
You are frail (-10% HP).
Your magical capacity is low (-10% MP).
You occasionally shout uncontrollably at your foes.
You regenerate slowly when monsters are visible.
Your muscles are strong. (Str +2)
Your spells are a little harder to cast, but a little more powerful.


Message History

(V) Vaults (C) Crypt (W) Tomb (U) Depths (H) Hell (Z) Zot
Where to? (Enter - D:1 @ (x,y), ? - help) You're already here!
You start resting.
Your icy armour starts to melt.
You start resting.
Your icy armour evaporates.
You start resting.
Magic restored.
You start waiting.
You are feeling hungry.
Eat which item? (? for menu, Esc to quit)
You continue eating. x2
You finish eating.
That meat ration really hit the spot!
Eat which item? (? for menu, Esc to quit)
You continue eating. x2
You finish eating.
That meat ration really hit the spot!
There is a staircase leading out of the dungeon here.
You have escaped!

##....#....##.##.#.#
#...#####..##.##.#'## #..##
##.##.##..... #############.##
##..#...#..... ....#.....##..#
#..####.#..... ....#.....##..##
##..#....#.....
..>.......###..####..##.####.....
............##.##...##...........
......###.#.#...@.####..####.....
##....# #.#.####### #..# #.....
#....# #.#.##########..# #.....
#....# #.#.#...........# #.####
#...(# #.#....)...###.## #.#
##....###.#.######.###.#####.####
[÷....(......(.........#..÷......
#########.#.#######.####.###.####
#...........##...#.#.#


There were no monsters in sight!

Vanquished Creatures
  5 ancient liches
  Khufu (Crypt:3)
  7 orbs of fire
  Mennas (Vaults:4)
  A juggernaut (Depths:4)
  A greater mummy (Crypt:3)
  Boris (Depths:3)
  Frederick (Depths:3)
  Norris (Spider:2)
  2 curse toes
  2 Killer Klowns (Zot:5)
  A pandemonium lord (D:2)
  Jory (Vaults:5)
  16 golden dragons
  A bone dragon (Crypt:3)
  Arachne (Spider:3)
  7 liches
  5 electric golems
  29 Orb Guardians
  27 tentacled monstrosities
  2 deep elf blademasters (Elf:3)
  2 deep elf master archers (Elf:3)
  4 titans
  6 sphinxes
  2 quicksilver dragons
  A sphinx (shapeshifter) (Vaults:5)
  8 death cobs
  An octopode crusher (Depths:3)
  8 shadow dragons
  A thorn hunter (Swamp:4)
  17 tengu reavers
  An ancient champion (Crypt:1)
  20 storm dragons
  5 draconian monks
  Wiglaf (Vaults:1)
  10 fire giants
  13 frost giants
  Donald (D:13)
  Maud (Orc:2)
  12 vault wardens
  3 draconian knights (Zot:1)
  6 ghost moths
  Aizul (Elf:1)
  Louise (Spider:1)
  6 draconian scorchers
  4 deep elf sorcerers
  4 draconian shifters
  7 draconian zealots
  6 emperor scorpions
  An orc warlord (Orc:4)
  5 spriggan defenders
  9 ghouls
  5 draconian annihilators
  16 ironheart preservers
  25 stone giants
  15 very ugly things
  6 war gargoyles
  3 deep elf demonologists (Elf:3)
  8 vampire knights
  A draconian caller (Zot:1)
  4 green draconians
  A black draconian (Depths:5)
  5 red draconians
  7 deep elf annihilators
  2 salamander stormcallers
  11 white draconians
  13 yellow draconians
  4 purple draconians
  8 mottled draconians
  The ghost of 4thArraOfDagon the End of an Era, a journeyman HOAr of Qazlal (D:12)
  Snorg (Lair:4)
  A minotaur (shapeshifter) (Depths:2)
  4 eidola
  2 jiangshi (Crypt:2)
  4 crystal guardians
  8 deep elf death magi
  13 ettins
  29 fire dragons
  7 deep elf high priests
  18 yaktaur captains
  30 vault guards
  Fannar (Lair:2)
  10 great orbs of eyes
  26 hydras
  5 entropy weavers
  5 rakshasas
  An anaconda (shapeshifter) (Elf:1)
  22 ice dragons
  11 spriggan air magi
  9 centaur warriors
  2 death knights (Crypt:2)
  21 dancing weapons
  9 deep troll earth magi
  10 ogre magi
  18 deep troll shamans
  An alligator (shapeshifter) (Vaults:5)
  6 spriggan berserkers
  5 death yaks (Lair:8)
  9 alligators
  2 tengu warriors
  3 titan zombies
  5 orc high priests
  2 vampire magi
  Sonja (D:11)
  A soul eater (Crypt:2)
  21 hell knights
  2 fire crabs
  17 deep elf knights
  4 shadow wraiths
  6 giant orange brains
  2 ice devils
  2 fire crabs (shapeshifter)
  7 iron trolls
  3 titan skeletons
  25 skeletal warriors
  A torturous demonspawn (Depths:4)
  46 deep trolls
  A death drake (shapeshifter) (Vaults:5)
  9 swamp dragons (Swamp:4)
  9 deep elf summoners
  A swamp dragon (shapeshifter) (Depths:5)
  A spriggan druid (Swamp:4)
  A golden dragon zombie (Crypt:3)
  3 lindwurms
  9 flayed ghosts
  2 shambling mangroves
  19 ironbrand convokers
  12 necromancers
  A giant orange brain (shapeshifter) (Vaults:5)
  An anaconda skeleton (Crypt:1)
  An iron dragon zombie (Crypt:3)
  5 phantasmal warriors
  5 statues (Volcano)
  A fire giant zombie (Crypt:3)
  A hornet (shapeshifter) (Vaults:4)
  5 hill giants
  5 wizards
  10 deep elf conjurers
  41 wolf spiders
  A salamander (Depths:2)
  2 shadow dragon skeletons
  23 orc knights
  5 cyclopes
  A manticore (shapeshifter) (Vaults:5)
  A sphinx skeleton (Crypt:1)
  A frost giant zombie (Crypt:1)
  15 orb spiders
  6 griffons
  15 moths of wrath
  7 hornets
  10 elephants
  A sixfirhy (Depths:5)
  A manticore (D:15)
  A water nymph (shapeshifter) (Vaults:2)
  10 orc sorcerers
  A dire elephant zombie (Crypt:3)
  Joseph (D:10)
  A faun (shapeshifter) (Depths:4)
  55 ugly things
  2 moths of wrath (shapeshifter)
  5 black mambas
  An elf zombie (Vaults:5)
  2 ice statues (IceCv)
  A molten gargoyle (Lair:7)
  24 spiny frogs
  14 vault sentinels
  2 gargoyles
  A shock serpent skeleton (Crypt:3)
  An orange demon (Depths:2)
  A torpor snail (Spider:4)
  7 kobold demonologists
  A fire drake (Lair:4)
  5 centaur skeletons
  An iron troll zombie (Crypt:2)
  2 smoke demons
  2 yaktaur zombies
  A tormentor (Depths:4)
  7 komodo dragons
  A swamp worm zombie (Crypt:1)
  48 yaktaurs
  A yaktaur skeleton (Depths:1)
  12 deep elf priests
  2 blue devils
  14 trolls
  10 demonic crawlers
  27 jumping spiders
  21 two-headed ogres
  8 freezing wraiths
  A red draconian skeleton (Crypt:2)
  A hydra zombie (Crypt:3)
  7 giant leeches
  A wind drake (shapeshifter) (Vaults:3)
  A raiju (shapeshifter) (Vaults:4)
  An ice dragon zombie (Crypt:2)
  4 red devils
  9 polar bears
  A harpy skeleton (Crypt:3)
  3 tengu conjurers
  A queen bee (shapeshifter) (Vaults:5)
  A queen bee (Spider:2)
  2 raiju (Lair:8)
  29 slime creatures
  32 blink frogs
  8 boulder beetles
  A hydra skeleton (Crypt:1)
  2 hornet zombies
  A fire giant simulacrum (Crypt:1)
  2 fire dragon zombies
  A human simulacrum (Vaults:3)
  A deep troll zombie (Depths:1)
  17 bog bodies
  A fire dragon skeleton (Crypt:3)
  20 trapdoor spiders
  2 air elementals (Depths:3)
  Sigmund (D:6)
  A ynoxinul (D:2)
  4 shadows
  34 flying skulls (Crypt:3)
  53 redbacks
  A fire bat (Volcano)
  18 tarantellas
  10 spriggans
  2 fire elementals
  13 humans
  A tarantella (shapeshifter) (Depths:3)
  3 wyverns
  A water elemental (Depths:3)
  4 wraiths
  24 deep elf magi
  An ettin skeleton (Crypt:3)
  A basilisk (shapeshifter) (Vaults:1)
  2 golden eyes (shapeshifter) (Vaults:5)
  A steam dragon (Lair:8)
  38 vampire mosquitoes
  31 yaks
  7 hippogriffs
  An elf skeleton (Depths:1)
  5 basilisks
  17 wargs
  Menkaure (D:7)
  2 hungry ghosts
  36 deep elf fighters
  10 porcupines
  10 wolves (Lair:8)
  2 mottled dragons (Lair:8)
  35 swamp worms
  4 hell hounds
  A chaos spawn (Depths:4)
  A soldier ant (shapeshifter) (Depths:2)
  15 water moccasins
  66 orc warriors
  22 swamp drakes
  A manticore zombie (Crypt:3)
  A torturous demonspawn skeleton (Crypt:2)
  An elephant zombie (Crypt:1)
  16 ice beasts
  13 black bears
  48 spiders
  2 snapping turtle zombies
  An eye of draining (D:9)
  19 wasps
  A black bear (shapeshifter) (Depths:1)
  6 sky beasts
  7 necrophages
  2 boggarts
  4 phantoms
  12 centaurs
  45 ogres
  15 crocodiles
  17 giant frogs
  5 big kobolds
  A wyvern zombie (D:8)
  A deep troll simulacrum (Vaults:5)
  A human skeleton (Vaults:5)
  A water moccasin zombie (D:5)
  A water moccasin skeleton (D:8)
  4 electric eels
  6 scorpions
  14 wights
  A troll zombie (Crypt:1)
  38 killer bees
  17 hounds
  3 centaur zombies
  13 crimson imps
  A gnoll shaman (D:7)
  2 iron imps (D:5)
  5 jellies
  3 lava snakes (Volcano)
  55 orc priests
  12 iguanas
  A demonspawn skeleton (Crypt:1)
  2 giant frog skeletons
  50 orc wizards
  4 quasits
  A two-headed ogre skeleton (Crypt:2)
  10 worker ants
  A black bear skeleton (Crypt:2)
  32 sheep
  A mottled dragon zombie (Crypt:2)
  A hound skeleton (D:8)
  A dwarf skeleton (Crypt:2)
  A mummy (Crypt:3)
  6 gnolls
  2 worker ant zombies
  14 adders
  3 white imps
  4 shadow imps
  79 river rats
  2 oozes
  2 adder skeletons (D:5)
  An adder zombie (D:5)
  15 worms
  295 orcs
  8 giant cockroaches
  9 goblins
  10 hobgoblins
  11 jackals
  7 quokkas
  5 ball pythons
  A ball python skeleton (D:6)
  10 bats
  9 giant geckos
  8 giant newts
  A giant newt zombie (Crypt:2)
  A hobgoblin zombie (Crypt:1)
  A jackal skeleton (Crypt:1)
  33 kobolds
  A quokka skeleton (Crypt:1)
  A quokka zombie (D:8)
  26 rats
  3 blocks of ice
  A fire vortex (Lair:7)
  12 fungi
  3 lost souls (Crypt:3)
  10 plants
3101 creatures vanquished.

Vanquished Creatures (collateral kills)
  A centaur warrior (D:9)
  A cyclops (D:13)
  3 elephants (Lair:6)
  A polar bear (Lair:8)
  4 blink frogs
  2 yaks (Lair:3)
  A deep elf mage (D:8)
  A basilisk (Lair:8)
  A wyvern (D:8)
  A hungry ghost (D:7)
  4 humans (D:13)
  2 ice beasts
  A water moccasin (D:8)
  2 orc warriors (D:7)
  A phantom (D:6)
  A centaur (D:5)
  2 giant frogs (D:8)
  2 big kobolds (D:7)
  A scorpion (D:6)
  4 killer bees
  5 wights
  A jelly (D:6)
  An orc priest (D:7)
  A centaur skeleton (D:8)
  2 orc wizards
  2 gnolls (D:7)
  A river rat (Lair:8)
  5 orcs
  3 kobolds (D:7)
57 creatures vanquished.

Vanquished Creatures (others)
  An ancient lich (Zot:5)
  A fire giant (Depths:4)
  A draconian scorcher (Zot:5)
  A draconian zealot (Zot:2)
  A vault guard (Vaults:5)
  A boulder beetle (Lair:5)
  10 blocks of ice
  A bush (Lair:8)
  11 fungi
  4 lost souls
  7 plants
39 creatures vanquished.

Grand Total: 3197 creatures vanquished

Notes
Turn   | Place    | Note
--------------------------------------------------------------
     0 | D:1      | xeno23 the Merfolk Ice Elementalist began the quest for the Orb.
     0 | D:1      | Reached XP level 1. HP: 13/13 MP: 3/3
   592 | D:1      | Reached XP level 2. HP: 19/19 MP: 3/5
  1202 | D:1      | Reached XP level 3. HP: 22/24 MP: 4/7
  1207 | D:1      | Learned a level 3 spell: Ozocubu's Armour
  1554 | D:2      | Reached skill level 1 in Fighting
  1953 | D:3      | Found a sacrificial altar of Ru.
  1954 | D:3      | Reached skill level 4 in Ice Magic
  1954 | D:3      | Reached XP level 4. HP: 30/32 MP: 8/8
  1966 | D:3      | Learned a level 4 spell: Summon Ice Beast
  2593 | D:4      | Found Gul Vuk's Book Boutique.
  2603 | D:4      | Reached XP level 5. HP: 35/39 MP: 9/9
  2651 | D:4      | Found a staircase to the Ecumenical Temple.
  2688 | Temple   | Entered the Ecumenical Temple
  2699 | Temple   | Became a worshipper of Vehumet
  2969 | D:4      | Reached skill level 1 in Summonings
  3003 | D:4      | Reached skill level 1 in Charms
  3003 | D:4      | Reached XP level 6. HP: 36/46 MP: 11/11
  3017 | D:4      | Found a sacrificial altar of Ru.
  3246 | D:5      | Entered Level 5 of the Dungeon
  3262 | D:5      | Learned a level 4 spell: Throw Icicle
  3319 | D:5      | Noticed a centaur skeleton
  3342 | D:5      | Killed a centaur skeleton
  3342 | D:5      | Reached skill level 5 in Ice Magic
  3342 | D:5      | Reached XP level 7. HP: 38/52 MP: 13/13
  3389 | D:5      | Found a snail-covered altar of Cheibriados.
  3473 | D:5      | Reached skill level 1 in Conjurations
  3920 | D:5      | Found a basalt altar of Yredelemnul.
  3965 | D:5      | Reached * piety under Vehumet
  3965 | D:5      | Offered knowledge of Magic Dart by Vehumet.
  3965 | D:5      | Reached XP level 8. HP: 55/60 MP: 14/14
  4239 | D:6      | Found Nenirch's Magic Scroll Boutique.
  4267 | D:6      | Bought a scroll of identify for 20 gold pieces
  4267 | D:6      | Bought a scroll of identify for 20 gold pieces
  4267 | D:6      | Bought a scroll of identify for 20 gold pieces
  4271 | D:6      | Gained mutation: Your spells are a little harder to cast, but a little more powerful. [potion of beneficial mutation]
  4305 | D:6      | Noticed Sigmund
  4316 | D:6      | Killed Sigmund
  4531 | D:6      | Found a glowing drain.
  4544 | Sewer    | Entered a sewer
  4779 | Sewer    | Reached ** piety under Vehumet
  4802 | Sewer    | Offered knowledge of Throw Flame by Vehumet.
  4825 | Sewer    | Reached skill level 5 in Summonings
  5175 | D:6      | Reached XP level 9. HP: 40/66 MP: 16/16
  5473 | D:7      | Offered knowledge of Ignite Poison by Vehumet.
  5802 | D:7      | Reached skill level 1 in Polearms
  6073 | D:7      | Reached *** piety under Vehumet
  6097 | D:7      | Reached skill level 5 in Fighting
  6125 | D:7      | Reached skill level 6 in Ice Magic
  6144 | D:7      | Learned a level 4 spell: Condensation Shield
  6182 | D:7      | Reached skill level 5 in Spellcasting
  6209 | D:7      | Offered knowledge of Olgreb's Toxic Radiance by Vehumet.
  6665 | D:7      | Noticed Menkaure
  6778 | D:7      | Killed Menkaure
  7263 | D:8      | Reached **** piety under Vehumet
  7359 | D:8      | You fall through a shaft for 3 floors!
  7366 | D:11     | Reached XP level 10. HP: 76/76 MP: 5/17
  7368 | D:11     | Reached skill level 7 in Ice Magic
  7374 | D:11     | Reached skill level 5 in Polearms
  7383 | D:11     | Offered knowledge of Fireball by Vehumet.
  7430 | D:10     | Entered Level 10 of the Dungeon
  7877 | D:8      | Found Nics's Book Shop.
  8078 | D:8      | Reached skill level 5 in Conjurations
  8238 | D:8      | Reached skill level 8 in Ice Magic
  8316 | D:8      | Reached ***** piety under Vehumet
  8394 | D:8      | Offered knowledge of Airstrike by Vehumet.
  8689 | D:9      | Found a staircase to the Orcish Mines.
  8695 | D:9      | Found a roughly hewn altar of Beogh.
  8921 | D:9      | Noticed a centaur warrior
  8972 | D:9      | Killed a centaur warrior
  8972 | D:9      | Reached skill level 9 in Polearms
  8972 | D:9      | Reached XP level 11. HP: 19/84 MP: 5/18
  9564 | D:10     | Noticed Joseph
  9587 | D:10     | Killed Joseph
  9625 | D:10     | Found a staircase to the Lair.
  9808 | D:10     | Reached skill level 10 in Polearms
  9820 | D:10     | Identified the Disquisition on Dark Good Luck (You found it on level 10 of the Dungeon)
 10386 | Lair:1   | Entered Level 1 of the Lair of Beasts
 10556 | Lair:1   | Learned a level 3 spell: Regeneration
 10876 | Lair:1   | Reached skill level 5 in Dodging
 11173 | Lair:1   | Offered knowledge of Ozocubu's Refrigeration by Vehumet.
 11691 | D:4      | Bought a book of Minor Magic for 280 gold pieces
 11767 | D:6      | Bought a scroll of fear for 35 gold pieces
 11767 | D:6      | Bought a scroll of recharging for 95 gold pieces
 11767 | D:6      | Bought a scroll of enchant armour for 75 gold pieces
 12070 | Lair:2   | Got a fine battleaxe
 12071 | Lair:2   | Identified the +6 battleaxe of Turmoil {chop, +Rage rPois Str+2 Dex-3} (You found it on level 2 of the Lair of Beasts)
 12203 | Lair:2   | Noticed Fannar
 12259 | Lair:1   | Learned a level 6 spell: Ozocubu's Refrigeration
 12600 | Lair:2   | Killed Fannar
 13232 | Lair:3   | Reached skill level 10 in Ice Magic
 13232 | Lair:3   | Reached XP level 12. HP: 92/92 MP: 19/22
 13239 | Lair:3   | Noticed an eight-headed hydra
 13315 | Lair:3   | Killed an eight-headed hydra
 13329 | Lair:3   | Reached skill level 11 in Polearms
 14134 | Lair:3   | Offered knowledge of Bolt of Cold by Vehumet.
 14338 | Lair:1   | Learned a level 6 spell: Bolt of Cold
 14373 | Lair:1   | Reached skill level 12 in Polearms
 14846 | Lair:4   | Noticed Snorg
 14851 | Lair:4   | Killed Snorg
 15274 | Lair:5   | Got a distressingly furry robe
 15297 | Lair:5   | Identified the +4 robe of the Fiend {Regen+} (You found it on level 5 of the Lair of Beasts)
 15541 | Lair:5   | Reached XP level 13. HP: 80/101 MP: 22/26
 15825 | Lair:5   | Found a staircase to the Swamp.
 16081 | Lair:5   | Found an ancient bone altar of Kikubaaqudgha.
 16428 | Lair:6   | Offered knowledge of Bolt of Magma by Vehumet.
 16677 | Lair:5   | Got a smelly scale mail
 16688 | Lair:5   | Identified the cursed +0 scale mail of Imperfection {Dex+2} (You found it on level 5 of the Lair of Beasts)
 16954 | Lair:6   | Reached skill level 10 in Fighting
 17294 | Lair:6   | Found a staircase to the Slime Pits.
 17439 | Lair:6   | Found a hole to the Spider Nest.
 17961 | Lair:7   | Reached skill level 10 in Spellcasting
 18021 | Lair:7   | Reached ****** piety under Vehumet
 18021 | Lair:7   | Offered knowledge of Orb of Destruction by Vehumet.
 18248 | Lair:7   | Reached XP level 14. HP: 111/111 MP: 19/28
 18577 | Lair:8   | Entered Level 8 of the Lair of Beasts
 18801 | Lair:8   | Got an ichor-stained bardiche
 18802 | Lair:8   | Identified the +7 bardiche "Orb Guardian's Regret" {chop, MR+} (You found it on level 8 of the Lair of Beasts)
 19045 | Lair:8   | Reached skill level 13 in Ice Magic
 19617 | Lair:8   | Learned a level 7 spell: Orb of Destruction
 20428 | Orc:1    | Entered Level 1 of the Orcish Mines
 20440 | Orc:1    | Offered knowledge of Conjure Ball Lightning by Vehumet.
 21017 | Orc:1    | Found Nynub's Distillery.
 21057 | Orc:1    | Bought a potion of beneficial mutation for 490 gold pieces
 21057 | Orc:1    | Gained mutation: You are partially covered in molten scales (AC +1). [potion of beneficial mutation]
 21058 | Orc:1    | Bought a potion of curing for 42 gold pieces
 21058 | Orc:1    | Bought a potion of curing for 42 gold pieces
 21058 | Orc:1    | Bought a potion of curing for 42 gold pieces
 21058 | Orc:1    | Bought a potion of curing for 42 gold pieces
 21058 | Orc:1    | Bought 2 potions of curing for 84 gold pieces
 21058 | Orc:1    | Bought a potion of curing for 42 gold pieces
 21058 | Orc:1    | Bought a potion of haste for 140 gold pieces
 21058 | Orc:1    | Bought a potion of cancellation for 112 gold pieces
 21233 | Orc:1    | Bought a potion of haste for 140 gold pieces
 21638 | Orc:4    | Entered Level 4 of the Orcish Mines
 21639 | Orc:4    | Offered knowledge of Delayed Fireball by Vehumet.
 21763 | Orc:3    | Found a staircase to the Elven Halls.
 21791 | Orc:3    | Found a dark tunnel.
 21805 | Volcano  | Entered a volcano
 22287 | Volcano  | Reached XP level 15. HP: 97/118 MP: 17/30
 22367 | Volcano  | Found a burning altar of Makhleb.
 22490 | Orc:3    | You fall through a shaft!
 22490 | Orc:4    | Found Vyataodgh's Antique Weapon Shoppe.
 22495 | Orc:4    | Found a roughly hewn altar of Beogh.
 22495 | Orc:4    | Noticed an orc warlord
 22656 | Orc:3    | Found Temmugic's Assorted Antiques.
 22663 | Orc:3    | Bought a scroll of blinking for 210 gold pieces
 22663 | Orc:3    | Bought a scroll labeled WIJUZE QACS for 28 gold pieces
 22670 | Orc:3    | Found a burning altar of Makhleb.
 22907 | Orc:3    | Found a bloodstained altar of Trog.
 23097 | Orc:2    | Noticed Maud
 23106 | Orc:2    | Killed Maud
 23388 | Orc:4    | Found a roughly hewn altar of Beogh.
 23414 | Orc:4    | Reached skill level 14 in Polearms
 23505 | Orc:4    | Found Gael's Magic Scroll Emporium.
 23514 | Orc:4    | Bought a scroll of immolation for 45 gold pieces
 23514 | Orc:4    | Bought a scroll of fog for 26 gold pieces
 23514 | Orc:4    | Bought a scroll of blinking for 97 gold pieces
 23514 | Orc:4    | Bought a scroll of teleportation for 39 gold pieces
 23514 | Orc:4    | Bought a scroll of teleportation for 39 gold pieces
 23520 | Orc:4    | Found Jiraib's Armour Shoppe.
 24133 | Orc:4    | Identified the Reference Book on Evil Arts and Dislocation
 24187 | Orc:4    | Offered knowledge of Lehudib's Crystal Spear by Vehumet.
 24187 | Orc:4    | Offered knowledge of Shatter by Vehumet.
 24187 | Orc:4    | Offered knowledge of Tornado by Vehumet.
 24259 | Orc:4    | Killed an orc warlord
 24356 | Orc:4    | Reached skill level 1 in Necromancy
 24357 | Orc:4    | Found Fuvutz's Antique Armour Emporium.
 24392 | Orc:4    | Bought a glowing robe for 22 gold pieces
 24709 | Orc:3    | Bought a potion of agility for 112 gold pieces
 24779 | Orc:1    | Bought a potion of agility for 56 gold pieces
 24955 | Lair:1   | Learned a level 2 spell: Repel Missiles
 25045 | D:11     | Found Ybas's General Store.
 25187 | D:11     | Noticed Sonja
 25190 | D:11     | Killed Sonja
 25282 | D:11     | Found Gaixzayt's Book Emporium.
 25417 | D:12     | Noticed 4thArraOfDagon's ghost (journeyman HOAr)
 25542 | D:12     | Killed 4thArraOfDagon's ghost
 26099 | D:13     | Found a frozen archway.
 26155 | IceCv    | Entered an ice cave
 26297 | D:13     | Noticed Donald
 26325 | D:13     | Reached XP level 16. HP: 47/126 MP: 10/31
 26367 | D:13     | Killed Donald
 26392 | D:13     | Reached skill level 15 in Polearms
 26409 | D:13     | Found a gate to the Vaults.
 26891 | D:14     | Reached skill level 10 in Dodging
 27025 | D:14     | Reached skill level 5 in Charms
 27042 | D:14     | Got a bloodstained long sword
 27044 | D:14     | Identified the +8 long sword "Conservator" {freeze, Int+5 Dex-2} (You found it on level 14 of the Dungeon)
 27356 | D:14     | Found Yqackyko's Pet Rocks.
 27382 | D:14     | Bought a wand of digging (12) for 320 gold pieces
 27592 | D:15     | Entered Level 15 of the Dungeon
 27893 | D:15     | Found a staircase to the Depths.
 28519 | Lair:1   | Learned a level 2 spell: Blink
 28714 | Swamp:1  | Entered Level 1 of the Swamp
 28967 | Swamp:1  | Reached skill level 1 in Translocations
 29667 | Swamp:2  | Reached skill level 16 in Polearms
 30247 | Swamp:3  | Got a blackened leather armour
 30258 | Swamp:3  | Identified the cursed +1 leather armour of the Thirteen Ships {MP-9 Str+7} (You found it on level 3 of the Swamp)
 30325 | Swamp:3  | Reached XP level 17. HP: 133/133 MP: 8/33
 30332 | Swamp:3  | Reached skill level 10 in Conjurations
 30828 | Swamp:4  | Entered Level 4 of the Swamp
 31809 | Swamp:4  | Identified a scroll of acquirement
 31815 | Swamp:4  | Got a decaying rune of Zot
 32590 | Orc:4    | Bought a transparent helmet for 304 gold pieces
 32646 | Orc:4    | Bought a scroll of enchant armour for 97 gold pieces
 32646 | Orc:4    | Bought a scroll of holy word for 97 gold pieces
 32787 | Lair:1   | Identified the +1 helmet of Reodisael {rElec} (You bought it in a shop on level 4 of the Orcish Mines)
 32797 | Lair:1   | Got a faintly humming cloak
 32807 | Lair:1   | Identified the -1 cloak of the Quahog {+Fly Int+2 Stlth+} (You acquired it on level 1 of the Lair of Beasts)
 33006 | Spider:1 | Entered Level 1 of the Spider Nest
 33722 | Spider:1 | Reached skill level 17 in Polearms
 33751 | Spider:1 | Got a dazzling blowgun
 33772 | Spider:1 | Identified the cursed +1 blowgun of the Skies Above {evade, *Corrode rPois rF- rN+} (You found it on level 1 of the Spider Nest)
 33962 | Spider:2 | Noticed Norris
 33962 | Spider:2 | Noticed Louise
 33971 | Spider:1 | Killed Louise
 34175 | Spider:2 | Reached XP level 18. HP: 137/141 MP: 35/35
 34200 | Spider:2 | Paralysed by something for 7 turns
 34372 | Spider:2 | Paralysed by Norris for 4 turns
 34377 | Spider:2 | Killed Norris
 35216 | Spider:3 | Noticed Arachne
 35317 | Spider:3 | Killed Arachne
 35824 | Spider:4 | Entered Level 4 of the Spider Nest
 38569 | Vaults:1 | Entered Level 1 of the Vaults
 38689 | Vaults:1 | Reached XP level 19. HP: 102/148 MP: 20/36
 39401 | Vaults:1 | Noticed Wiglaf
 39407 | Vaults:1 | Killed Wiglaf
 39915 | Vaults:1 | Reached skill level 15 in Conjurations
 40281 | Vaults:2 | Noticed a lich
 40576 | Vaults:3 | Upgraded the game from 0.17.0 to 0.17.0-1-g61d176b
 40593 | Vaults:3 | Found Voulitan's Food Emporium.
 40660 | Vaults:3 | Found Gutuam's Book Shoppe.
 40691 | Vaults:3 | Found Lastitop's Weapon Emporium.
 41320 | Vaults:2 | Found Usu Cea's Gadget Boutique.
 41351 | Vaults:2 | Reached skill level 18 in Polearms
 41353 | Vaults:2 | Reached XP level 20. HP: 136/156 MP: 35/37
 41961 | Vaults:2 | Killed a lich
 42128 | Vaults:3 | Found a staircase to the Crypt.
 43611 | Vaults:4 | Reached skill level 19 in Polearms
 44209 | Orc:3    | Bought 2 potions of might for 224 gold pieces
 44261 | Elf:1    | Entered Level 1 of the Elven Halls
 44725 | Elf:1    | Noticed Aizul
 44734 | Elf:1    | Killed Aizul
 45002 | Elf:1    | Found a runed door.
 45875 | Spider:4 | Reached XP level 21. HP: 165/165 MP: 0/39
 46197 | Spider:4 | Got a gossamer rune of Zot
 46540 | Lair:1   | Learned a level 4 spell: Condensation Shield
 46867 | Vaults:5 | Entered Level 5 of the Vaults
 46871 | Vaults:5 | Reached skill level 15 in Spellcasting
 46932 | Vaults:5 | Reached skill level 15 in Ice Magic
 48228 | Vaults:5 | Reached skill level 20 in Polearms
 48267 | Vaults:5 | Noticed an ancient lich
 48283 | Vaults:5 | Killed an ancient lich
 48283 | Vaults:5 | Reached XP level 22. HP: 150/174 MP: 37/41
 48380 | Vaults:5 | Reached skill level 15 in Dodging
 48428 | Vaults:5 | Reached skill level 15 in Fighting
 48845 | Vaults:5 | Got an encrusted blowgun
 49051 | Vaults:5 | Identified the +10 blowgun "Ockype Otav" {speed, rF++ MP+9} (You took it off a vault warden on level 5 of the Vaults)
 49077 | Vaults:5 | Got a smoking cloak
 49089 | Vaults:5 | Identified the +0 cloak of Ru's Righteous Anger {*Corrode Str+3 Dex-5 Stlth+} (You found it on level 5 of the Vaults)
 49427 | Vaults:5 | Noticed Jory
 51299 | Vaults:5 | Found Xeolliewa's Distillery.
 51299 | Vaults:5 | Found Ohameoce's Distillery.
 51310 | Vaults:5 | Bought a potion of curing for 42 gold pieces
 51310 | Vaults:5 | Bought a potion of curing for 42 gold pieces
 51310 | Vaults:5 | Bought a potion of might for 56 gold pieces
 51317 | Vaults:5 | Found Teomnugu's Food Shop.
 51317 | Vaults:5 | Noticed Mennas
 51833 | Vaults:5 | Found Vomasey's Food Boutique.
 51834 | Vaults:5 | Got a silver rune of Zot
 52050 | Vaults:5 | Found Taruma's Food Emporium.
 52184 | Vaults:5 | Killed Jory
 52200 | Vaults:5 | Found Yfooc's Food Boutique.
 52200 | Vaults:5 | Found Cerpheej's Distillery.
 52210 | Vaults:5 | Found Soafabirph's Magic Scroll Shop.
 52211 | Vaults:5 | Bought a potion of curing for 36 gold pieces
 52211 | Vaults:5 | Bought a potion of heal wounds for 60 gold pieces
 52211 | Vaults:5 | Bought a potion of haste for 120 gold pieces
 52211 | Vaults:5 | Bought a potion of magic for 96 gold pieces
 52211 | Vaults:5 | Bought 2 potions of heal wounds for 120 gold pieces
 52211 | Vaults:5 | Bought 2 potions of haste for 240 gold pieces
 52211 | Vaults:5 | Bought a potion of curing for 36 gold pieces
 52218 | Vaults:5 | Bought a scroll of fear for 63 gold pieces
 52218 | Vaults:5 | Bought a scroll of teleportation for 54 gold pieces
 52218 | Vaults:5 | Bought 2 scrolls of fog for 72 gold pieces
 52218 | Vaults:5 | Bought a scroll of fog for 36 gold pieces
 52359 | Vaults:5 | Bought a potion of brilliance for 60 gold pieces
 52359 | Vaults:5 | Bought a potion of brilliance for 60 gold pieces
 52359 | Vaults:5 | Bought a potion of curing for 45 gold pieces
 52359 | Vaults:5 | Bought 2 potions of heal wounds for 150 gold pieces
 52359 | Vaults:5 | Bought a potion of resistance for 150 gold pieces
 52359 | Vaults:5 | Bought a potion of haste for 150 gold pieces
 52359 | Vaults:5 | Bought a potion of curing for 45 gold pieces
 52359 | Vaults:5 | Bought a potion of cure mutation for 525 gold pieces
 52377 | Vaults:5 | Bought a scroll of silence for 135 gold pieces
 52377 | Vaults:5 | Bought a scroll of silence for 135 gold pieces
 52759 | Lair:1   | Learned a level 9 spell: Glaciate
 52975 | Elf:2    | Found Imatogie's Book Emporium.
 53172 | Elf:2    | Reached XP level 23. HP: 183/183 MP: 40/42
 53243 | Elf:2    | Found a runed gate.
 53244 | Elf:2    | Found a runed gate.
 53245 | Elf:2    | Found a runed gate.
 53298 | Elf:2    | Found Pekhom's Distillery.
 53310 | Elf:2    | Bought a potion of haste for 120 gold pieces
 53735 | Elf:2    | Reached skill level 21 in Polearms
 54011 | Elf:3    | Entered Level 3 of the Elven Halls
 54884 | Elf:3    | Gained mutation: You are frail (-10% HP). [a cacodemon]
 55030 | Elf:3    | Identified the Guide on Attacks
 55056 | Elf:3    | Got a twitching copper ring
 55066 | Elf:3    | Gained mutation: Your muscles are strong. (Str +2) [potion of beneficial mutation]
 55068 | Elf:3    | Got a glittering sapphire amulet
 55074 | Elf:3    | Got a steaming glaive
 55090 | Elf:3    | Identified the +7 glaive of Eternal Vigilance {chop, rF- MP-9 Int+6 Stlth+} (You found it on level 3 of the Elven Halls)
 55093 | Elf:3    | Identified the amulet "Widoc" {rCorr MP+9 Str+5} (You found it on level 3 of the Elven Halls)
 55095 | Elf:3    | Identified the ring "Xacom" {Fire rPois} (You found it on level 3 of the Elven Halls)
 55547 | Depths:1 | Entered Level 1 of the Depths
 55547 | Depths:1 | Found a gateway to a ziggurat.
 55560 | Depths:1 | Found a gateway to Hell.
 55750 | Depths:1 | Found Liamieh's Antique Armour Shoppe.
 55758 | Depths:1 | Bought a colourful robe for 171 gold pieces
 55758 | Depths:1 | Bought a pair of glowing gloves for 135 gold pieces
 55779 | Depths:1 | Identified the cursed +1 robe of Zettuex {rC+++ rN+ rCorr} (You bought it in a shop on level 1 of the Depths)
 56159 | Depths:2 | Found Kyump's Armour Shop.
 56391 | Depths:2 | Found a one-way gate to the infinite horrors of the Abyss.
 57103 | Depths:3 | Reached XP level 24. HP: 103/173 MP: 30/42
 57467 | Depths:3 | Reached skill level 22 in Polearms
 57561 | Depths:3 | Found a one-way gate leading to the halls of Pandemonium.
 57585 | Depths:3 | Noticed Boris
 57607 | Depths:3 | Killed Boris
 58323 | Depths:3 | Noticed Frederick
 58463 | Depths:3 | Killed Frederick
 59559 | Depths:4 | Noticed a juggernaut
 59573 | Depths:4 | Killed a juggernaut
 59573 | Depths:4 | Reached XP level 25. HP: 171/180 MP: 13/42
 60267 | Depths:4 | Reached skill level 23 in Polearms
 61323 | Depths:5 | Entered Level 5 of the Depths
 61883 | Depths:5 | Reached XP level 26. HP: 146/189 MP: 8/42
 62163 | Depths:5 | Found a gate to the Realm of Zot.
 63041 | Zot:1    | Entered Level 1 of the Realm of Zot
 63392 | Zot:1    | Reached skill level 24 in Polearms
 63684 | Zot:1    | Noticed an orb of fire
 63689 | Zot:1    | Killed an orb of fire
 64959 | Crypt:1  | Entered Level 1 of the Crypt
 66450 | Crypt:3  | Entered Level 3 of the Crypt
 66525 | Crypt:3  | Reached XP level 27. HP: 104/198 MP: 29/42
 67331 | Crypt:3  | Found an ancient bone altar of Kikubaaqudgha.
 67331 | Crypt:3  | Noticed an ancient lich
 67338 | Crypt:3  | Killed an ancient lich
 67501 | Crypt:3  | Found a staircase to the Tomb.
 67662 | Crypt:3  | Noticed Khufu
 67664 | Crypt:3  | Noticed a greater mummy
 67950 | Crypt:3  | Killed Khufu
 68168 | Crypt:3  | Killed a greater mummy
 69466 | Vaults:4 | Killed Mennas
 70219 | Zot:2    | Reached skill level 25 in Polearms
 71224 | Zot:3    | Noticed an orb of fire
 71228 | Zot:3    | Gained mutation: Your magical capacity is low (-10% MP). [an orb of fire]
 71240 | Zot:3    | Killed an orb of fire
 72238 | Zot:5    | Entered Level 5 of the Realm of Zot
 72865 | Zot:4    | Noticed an orb of fire
 73387 | Zot:4    | Killed an orb of fire
 74299 | Zot:5    | Noticed an ancient lich
 74303 | Zot:5    | Killed an ancient lich
 74321 | Zot:5    | Noticed an orb of fire
 74360 | Zot:5    | Reached skill level 26 in Polearms
 74550 | Zot:5    | Gained mutation: Scrolls take you a little longer to read. [an orb of fire]
 74551 | Zot:5    | Killed an orb of fire
 74559 | Zot:5    | Noticed an ancient lich
 74571 | Zot:5    | Killed an ancient lich
 74574 | Zot:5    | Noticed an orb of fire
 74674 | Zot:5    | Gained mutation: Armour fits poorly on your strangely shaped body. [an orb of fire]
 74674 | Zot:5    | Gained mutation: You occasionally shout uncontrollably at your foes. [an orb of fire]
 74676 | Zot:5    | Killed an orb of fire
 75201 | Zot:5    | Noticed an ancient lich
 75204 | Zot:5    | Noticed an orb of fire
 75205 | Zot:5    | Killed an ancient lich
 75206 | Zot:5    | Noticed an orb of fire
 75208 | Zot:5    | Gained mutation: You regenerate slowly when monsters are visible. [an orb of fire]
 75211 | Zot:5    | Killed an orb of fire
 75212 | Zot:5    | Killed an orb of fire
 75231 | Zot:5    | Noticed an ancient lich
 75256 | Zot:5    | Killed an ancient lich
 75430 | Zot:5    | Got the Orb of Zot
 75844 | D:12     | Noticed Sueb the pandemonium lord
 76017 | D:2      | Noticed Sotanov the pandemonium lord
 76022 | D:2      | Killed Sotanov the pandemonium lord
 76174 | D:$      | Escaped with the Orb!

Action                   |  1- 3 |  4- 6 |  7- 9 | 10-12 | 13-15 | 16-18 | 19-21 | 22-24 | 25-27 || total
-------------------------+-------+-------+-------+-------+-------+-------+-------+-------+-------++-------
Melee: Unarmed           |    23 |       |       |       |       |       |       |       |       ||    23
       Dagger            |    58 |   113 |    63 |       |       |       |       |       |       ||   234
       Whip              |     1 |       |       |       |       |       |       |       |       ||     1
       Falchion          |       |       |   230 |       |       |       |       |       |       ||   230
       Short sword       |       |       |    13 |       |       |       |       |       |       ||    13
       Spear             |       |       |   221 |   894 |   169 |       |       |       |       ||  1284
       Scythe            |       |       |     2 |       |       |       |       |       |       ||     2
       Bardiche          |       |       |       |       |   309 |   532 |   338 |   702 |  1818 ||  3699
       Eudemon blade     |       |       |       |       |       |       |       |       |    29 ||    29
Throw: Tomahawk          |     9 |     7 |    15 |     4 |       |       |       |       |       ||    35
       Javelin           |       |       |     4 |     7 |     1 |       |     4 |       |       ||    16
 Cast: Freeze            |    36 |    11 |     8 |    28 |     8 |       |       |       |       ||    91
       Ozocubu's Armour  |     2 |     5 |    28 |    40 |    33 |    44 |    30 |    44 |    86 ||   312
       Summon Ice Beast  |       |       |    21 |    19 |    13 |     2 |     6 |    13 |     5 ||    79
       Throw Icicle      |       |       |    20 |   187 |   332 |   175 |   112 |    77 |    56 ||   959
       Regeneration      |       |       |       |    11 |    21 |    63 |    30 |    23 |    96 ||   244
       Condensation Shie |       |       |       |     4 |       |       |     7 |    21 |    29 ||    61
       Ozocubu's Refrige |       |       |       |     2 |   118 |    77 |    64 |    42 |    42 ||   345
       Bolt of Cold      |       |       |       |       |    24 |   207 |   224 |   198 |   241 ||   894
       Repel Missiles    |       |       |       |       |     1 |     2 |     2 |     3 |     4 ||    12
       Blink             |       |       |       |       |       |    13 |    11 |    33 |    20 ||    77
       Orb of Destructio |       |       |       |       |       |       |    26 |    94 |   120 ||   240
       Glaciate          |       |       |       |       |       |       |       |       |    19 ||    19
Evoke: Wand              |       |       |     1 |    13 |     2 |    18 |     1 |     8 |     3 ||    46
  Use: Scroll            |       |     8 |    15 |     7 |    15 |    26 |     5 |    11 |     7 ||    94
       Potion            |       |     1 |     3 |       |     1 |    11 |     4 |    13 |     6 ||    39
 Stab: Sleeping          |     8 |     5 |     9 |    12 |    13 |    17 |    16 |    12 |    18 ||   110
       Distracted        |       |       |     4 |     5 |     8 |     5 |     2 |     2 |     4 ||    30
       Invisible         |       |       |       |       |       |     2 |       |       |     1 ||     3
  Eat: Chunk             |     4 |     4 |    19 |    51 |    98 |    68 |    94 |    77 |    85 ||   500
       Pizza             |       |       |     2 |     5 |     1 |     7 |       |       |     3 ||    18
       Meat ration       |       |       |     1 |       |       |     1 |       |     2 |    10 ||    14
       Bread ration      |       |       |       |       |       |     8 |       |     4 |     7 ||    19
       Royal jelly       |       |       |       |       |       |     3 |    11 |       |     1 ||    15
       Beef jerky        |       |       |       |       |       |     1 |       |     2 |     1 ||     4
       Fruit             |       |       |       |       |       |       |     1 |     3 |       ||     4
